 Dungeon Crawl Stone Soup version 0.30-a0-778-g2ef04afb54 (webtiles) character file.

Game seed: 5514440215706949933

782 Leeroy the Magician (level 7, -1/36 HPs)
             Began as a Vine Stalker Warper on Feb 16, 2023.
             Killed by divine providence
             ... invoked by an orc priest
              (9 damage)
             ... on level 4 of the Dungeon.
             The game lasted 00:03:54 (3378 turns).

Leeroy the Magician (Vine Stalker Warper)           Turns: 3378, Time: 00:03:54

Health: -1/36      AC:  4    Str: 13    XL:     7   Next: 86%
Magic:  0/27       EV: 12    Int: 13    God:
Gold:   197        SH:  0    Dex: 16    Spells: 15/20 levels left

rFire   . . .      SeeInvis .    a - +0 falchion
rCold   . . .      Faith    .    (no shield)
rNeg    . . .      Spirit   +    b - +0 leather armour
rPois   .          Reflect  .    (no helmet)
rElec   .          Harm     .    (no cloak)
rCorr   .          Rampage  .    (no gloves)
Will    .....                    k - +0 pair of boots
Stlth   +                        (no amulet)
HPRegen 1.06/turn                w - ring of flight
MPRegen 0.20/turn                A - ring of magical power

@: flying
A: fangs 2, regeneration 1, magic shield, antimagic bite, no potion heal 2
a: no special abilities


You were on level 4 of the Dungeon.
You visited 1 branch of the dungeon, and saw 5 of its levels.

You collected 197 gold pieces.

Inventory:

Hand Weapons
 a - a +0 falchion (weapon)
 q - a +3 dagger
 C - a +1 dagger of holy wrath
Missiles
 d - 7 boomerangs of dispersal (quivered)
 f - 8 poisoned darts
Armour
 b - a +0 leather armour (worn)
 k - a +0 pair of boots (worn)
Jewellery
 w - a ring of flight (left hand)
 A - a ring of magical power (right hand)
Wands
 o - a wand of flame (24)
 z - a wand of roots (11)
Scrolls
 c - a scroll of blinking
 e - a scroll of enchant armour {unknown}
 h - a scroll of fog {unknown}
 i - 2 scrolls of teleportation {unknown}
 l - 2 scrolls of summoning {unknown}
 m - 2 scrolls of brand weapon {unknown}
 n - 4 scrolls of identify {unknown}
 p - 3 scrolls of magic mapping {unknown}
 t - a scroll of enchant weapon {unknown}
 y - a scroll of silence {unknown}
 D - 2 scrolls of noise {unknown}
 E - a scroll of poison {unknown}
 F - a scroll of immolation {unknown}
Potions
 g - 2 potions of lignification {unknown}
 j - 2 potions of flight {unknown}
 r - a potion of invisibility {unknown}
 s - 2 potions of curing {unknown}
 u - a potion of attraction {unknown}
 v - 2 potions of ambrosia {unknown}
 x - 4 potions of berserk rage {unknown}
 B - a potion of mutation {unknown}


   Skills:
 - Level 3.0 Fighting
 + Level 4.0 Long Blades
 - Level 0.8 Throwing
 - Level 0.7 Armour
 - Level 2.2 Dodging
 - Level 7.0 Spellcasting
 - Level 3.0 Translocations


You had 15 spell levels left.
You knew the following spells:

 Your Spells              Type           Power      Damage    Failure   Level
a - Blink                 Tloc           24%        N/A       9%          2
b - Vhi's Electric Charg  Tloc/Air       16%        N/A       30%         3

Your spell library contained the following spells:

 Spells                   Type           Power      Damage    Failure   Level
 Lesser Beckoning         Tloc           24%        N/A       9%          2
 Teleport Other           Tloc           12%        N/A       17%         3
 Necrotise                Necr           16%        1d4       19%         1
 Cigotuvi's Dreadful Rot  Necr/Pois/Air  8%         N/A       28%         2
 Poisonous Vapours        Pois/Air       8%         N/A       28%         2
 Hailstorm                Conj/Ice       4%         3d4       50%         3
 Mephitic Cloud           Conj/Pois/Air  4%         N/A       50%         3
 Vampiric Draining        Necr           4%         2d6       50%         3
 Manifold Assault         Tloc           12%        N/A       50%         4
 Ice Form                 Ice/Tmut       4%         N/A       88%         4
 Agony                    Necr           4%         N/A       99%         5
 Yara's Violent Unravell  Hex/Tmut       2%         3d3       99%         5
 Simulacrum               Ice/Necr       2%         N/A       100%        6
 Enfeeble                 Hex            2%         N/A       100%        7


Dungeon Overview and Level Annotations

Branches:
Dungeon (5/15)
 Temple: D:4-7

Altars:
Xom


Innate Abilities, Weirdness & Mutations

You have extremely sharp teeth.
Your natural rate of healing is unusually fast.
When hurt, damage is shared between your health and your magic reserves.
Your bite disrupts and absorbs the magic of your enemies.
Potions cannot restore your health.


Message History

No target in view!
No target in view!
No target in view!
There is a stone staircase leading up here.
An orc comes into view. It is wielding a +0 mace. x2
There are monsters nearby!
The orc shouts! x2; You hear a shout!
The orc unwields a +0 mace.
The orc wields a +0 sling.
The orc shoots a sling bullet.
The sling bullet completely misses you.
An orc comes into view.
It is wielding a +0 short sword and quivering poisoned darts.
An orc priest comes into view. It is wielding a +0 falchion.
The orc priest shouts!
The orc drinks a potion.
The orc seems to speed up.
The orc shouts!
The orc shoots a sling bullet.
The sling bullet hits you. The orc closely misses you.
The orc shoots a sling bullet.
The sling bullet hits you.
You closely miss the orc. Your bite misses the orc.
The orc shoots a sling bullet.
The sling bullet barely misses you. The orc hits you with a +0 mace.
The orc hits you with a +0 mace. x2
The orc priest calls down the wrath of Beogh upon you.
Beogh smites you! The orc attacks as you move away! The orc closely misses you.
The orc closely misses you.
The orc priest calls down the wrath of Beogh upon you.
You resist with significant effort. The orc attacks as you move away!
The orc barely misses you.
You hit the orc. You bite the orc. You drain its power.
You feel invigorated.
The orc is severely wounded.
The orc hits you with a +0 mace. x2
The orc priest mumbles some strange prayers to Beogh against you.
Beogh smites you!
* * * LOW HITPOINT WARNING * * *
You closely miss the orc. Your bite misses the orc.
The orc is severely wounded.
The orc misses you.
The orc priest mumbles some strange prayers to Beogh against you.
Beogh smites you!
You die...

. #####<...##...........
..#######
###...............
........###
#.......##......
#..........#
####.#...#......
#..........#
#...#.#......
#..........#
#.#...#......
#........o.#
##.###........
#.........o#####..#
###......
#.........oo@....##
######.
#..........#.....### ###
## #..........##......#
#.# #..........####....##
##.## #
#######.##.###......#
#...# #
#.##........#.###.#.###
###.#####.....#..#..#..#.
#.............##...###...
###.##........##...# #...


You could see an orc priest and 3 orcs.

Vanquished Creatures
  A black bear (D:4)
  2 ogres (D:5)
  A necrophage (D:4)
  A bullfrog (D:5)
  2 scorpions (D:5)
  A hound (D:4)
  An iguana (D:4)
  2 orc wizards
  Robin (D:3)
  4 adders
  2 ufetubi (D:4)
  A worm (D:4)
  5 dart slugs
  9 orcs
  9 bats
  6 endoplasms
  5 giant cockroaches
  17 goblins
  10 hobgoblins
  5 jackals (D:3)
  9 kobolds
  5 quokkas
  5 ball pythons
  2 frilled lizards
  6 rats
112 creatures vanquished.

Notes
Turn   | Place    | Note
-------+----------+-------------------------------------------
     0 | D:1      | Leeroy the Vine Stalker Warper began the quest for the Orb.
     0 | D:1      | Reached XP level 1. HP: 11/11 MP: 4/4
   159 | D:1      | Reached XP level 2. HP: 15/15 MP: 6/6
   324 | D:1      | Learned a level 2 spell: Blink
   547 | D:1      | Reached XP level 3. HP: 18/18 MP: 7/7
  1040 | D:2      | Found a shimmering altar of Xom.
  1270 | D:2      | Gained mutation: Your natural rate of healing is unusually
                  | fast. [Vine Stalker growth]
  1270 | D:2      | Reached XP level 4. HP: 8/23 MP: 5/8
  1815 | D:3      | Learned a level 3 spell: Vhi's Electric Charge
  1945 | D:3      | Reached XP level 5. HP: 27/28 MP: 9/9
  2176 | D:3      | Noticed Robin
  2205 | D:3      | Killed Robin
  2655 | D:4      | Reached skill level 3 in Spellcasting
  2655 | D:4      | Reached XP level 6. HP: 18/32 MP: 10/12
  2747 | D:4      | You are sucked into a shaft and drop 1 floor!
  2747 | D:5      | Entered Level 5 of the Dungeon
  2768 | D:5      | Reached skill level 4 in Spellcasting
  2785 | D:5      | Reached skill level 5 in Spellcasting
  2785 | D:5      | Reached XP level 7. HP: 7/36 MP: 6/16
  2980 | D:5      | Reached skill level 6 in Spellcasting
  3312 | D:4      | Reached skill level 7 in Spellcasting
  3378 | D:4      | Killed from afar by an orc priest

Illustrated notes

Levels and vault maps discovered:
D:1:      dpeg_arrival_erosion, layout_basic
D:2:      minmay_general_purpose_star, layout_rooms, basic_altar,
          hangedman_decor_lopped, minmay_vboxes
D:3:      layout_loops_corners, uniq_robin
D:4:      layout_rooms, serial_curves, eino_curves_03, eino_curves_04
D:5:      layout_basic, solitary_fountain, st_stairs_6

Skill      XL: |  1  2  3  4  5  6  7 |
---------------+----------------------+-----
Long Blades    | 2 3 4 |  4.0
Fighting       | 3 |  3.0
Dodging        | 2 |  2.2
Spellcasting   | 3 5 7 |  7.0
Throwing       | |  0.8
Armour         | |  0.7
Translocations | |  3.0

Action                     |  1- 3 |  4- 6 |  7- 9 || total
---------------------------+-------+-------+-------++-------
  Melee: Falchion          |   111 |   207 |    66 ||   384
         Bite              |    25 |    55 |    21 ||   101
         Punch             |     3 |     2 |       ||     5
   Stab: Sleeping          |     1 |     1 |       ||     2
 Armour: Leather armour    |    34 |    71 |    27 ||   132
  Dodge: Dodged            |    70 |   134 |    44 ||   248

Table legend: (Time is in decaauts)
 A = Elapsed time spent in this place.
 B = Non-inter-level travel time spent in this place.
 C = Inter-level travel time spent in this place.
 D = Time resting spent in this place.
 E = Time spent auto-exploring this place.
 F = Levels seen in this place.
 G = Mean time per level.
                   A        B        C        D        E       F      G
               +--------+--------+--------+--------+--------+-----+--------+
         Total |   3418 |   3330 |     88 |      0 |   2511 |   5 |  683.6 |
       Dungeon |   3418 |   3330 |     88 |      0 |   2511 |   5 |  683.6 |
               +--------+--------+--------+--------+--------+-----+--------+

Top non-repeatable levels by time:
     D:3: 968 daAuts
     D:1: 924 daAuts
     D:2: 687 daAuts
     D:4: 481 daAuts
     D:5: 357 daAuts
